 Dungeon Crawl Stone Soup version 0.21-a0-91-ga5031da (webtiles) character file.

2697 Hook the Ducker (level 9, -16/71 HPs)
             Began as a Demonspawn Wanderer on June 28, 2017.
             Was a Believer of Makhleb.
             Demolished by a polar bear (19 damage)
             ... on level 8 of the Dungeon.
             The game lasted 00:23:44 (8194 turns).

Hook the Ducker (Demonspawn Wanderer)               Turns: 8194, Time: 00:23:45

Health: -16/71     AC:  9    Str: 16    XL:     9   Next: 38%
Magic:  0/12       EV: 16    Int: 14    God:    Makhleb [**....]
Gold:   344        SH:  6    Dex: 14    Spells: 13/13 levels left

rFire    . . .     SeeInvis .   o - +1 falchion (slice)
rCold    + + .     Gourm    .   d - +1 buckler
rNeg     . . .     Faith    .   u - +2 leather armour {rC+}
rPois    .         Spirit   +   (no helmet)
rElec    .         Reflect  .   g - scarf {Spirit}
rCorr    +         Harm     .   n - +0 pair of gloves
MR       +....                  r - +0 pair of boots
Stlth    +.........             j - amulet of regeneration
HPRegen  0.61/turn              x - ring of protection from cold
MPRegen  0.13/turn              A - ring of resist corrosion

@: no status effects
A: hooves 1, thin metallic scales 1, magic resistance 1, powered by death 2,
strong 1
a: Minor Destruction, Renounce Religion


You were on level 8 of the Dungeon.
You worshipped Makhleb.
Makhleb was pleased with you.
You were not hungry.

You visited 2 branches of the dungeon, and saw 9 of its levels.

You collected 464 gold pieces.
You spent 120 gold pieces at shops.

Inventory:

Hand Weapons
 c - a +2 falchion
 o - a +1 falchion of slicing (weapon)
Missiles
 v - 5 tomahawks of returning (quivered)
Armour
 b - a +3 leather armour
 d - a +1 buckler (worn)
 e - a +0 robe
 g - a scarf of spirit shield (worn)
 n - a +0 pair of gloves (worn)
 r - a +0 pair of boots (worn)
 t - a +0 cloak
 u - a +2 leather armour of cold resistance (worn)
Jewellery
 j - an amulet of regeneration (around neck)
 p - an uncursed amulet of faith
 x - a ring of protection from cold (left hand)
 A - a ring of resist corrosion (right hand)
Scrolls
 h - 5 scrolls of remove curse
 k - 3 scrolls of magic mapping {unknown}
 m - a scroll of amnesia
 q - a scroll of enchant weapon
 s - a scroll of fog
 w - 4 scrolls of immolation {unknown}
 y - a scroll of recharging {unknown}
 z - a scroll of identify
 B - a scroll of teleportation
Potions
 a - 3 potions of curing
 l - 2 potions of haste
Comestibles
 f - 3 bread rations
 i - a meat ration
 C - a chunk of flesh


   Skills:
 + Level 6.9 Fighting
 + Level 4.4 Long Blades
 * Level 7.0 Dodging
 - Level 4.0 Shields
 - Level 1.7 Unarmed Combat
 + Level 2.6 Spellcasting
   Level 1.0 Charms
   Level 2.1 Necromancy
 + Level 3.9 Invocations
   Level 1.0 Evocations


You had 13 spell levels left.
You didn't know any spells.

Dungeon Overview and Level Annotations

Branches:
Dungeon (8/15)             Temple (1/1) D:7
   Lair: D:8-11

Altars:
Dithmenos
Hepliaklqana
Makhleb
Nemelex Xobeh
Trog

Shops:
D:4 [   D:6 *

Annotations:
D:2 Sigmund


Innate Abilities, Weirdness & Mutations

You have large cloven feet.
You are partially covered in thin metallic scales. (AC +2)
You regenerate health from kills.
You are resistant to hostile enchantments. (MR+)
Your muscles are strong. (Str +2)


Message History

The polar bear is severely wounded.
The polar bear closely misses you.
You riposte.
You hit the polar bear but do no damage.
The polar bear is severely wounded.
The polar bear claws you but does no damage.
The polar bear closely misses you. The polar bear bites you.
The polar bear completely misses you.
The polar bear claws you but does no damage.
You hit the polar bear but do no damage.
The polar bear is severely wounded.
The polar bear closely misses you. You block the polar bear's attack. x2
You hit the polar bear.
The polar bear is almost dead.
The polar bear bites you!!
* * * LOW HITPOINT WARNING * * *
The polar bear claws you.
* * * LOW HITPOINT WARNING * * *
The polar bear claws you but does no damage.
The polar bear bites you!!
You die...

##### #.... #.... #....
###.. ##################.#
#.h@.............#.#
#.##...........# #.#
######.##...........# #.#
##...................#.#.#
#.≈≈≈.≈≈..#.....##.....#.#
#.≈≈≈≈≈≈≈.#####.##.#####.#
#..≈.≈≈≈..# #.##.#...#.#
#.≈≈.≈≈;≈.# #.##...#.#.#
#.....≈.≈.≈####.#......#..


You could see a polar bear (berserk).

Vanquished Creatures
  Grinder (D:3)
  A yak (D:8)
  The ghost of Hook the Covered, an amateur DsWn (D:3)
  Menkaure (D:4)
  An ice beast (D:8)
  3 ogres
  A bullfrog (D:7)
  A scorpion (D:7)
  9 killer bees
  7 wights (D:6)
  A howler monkey (D:7)
  2 crimson imps
  3 hounds
  2 jellies
  An orc priest (D:7)
  4 orc wizards
  2 bullfrog skeletons (D:5)
  A centaur skeleton (D:4)
  An iguana (D:8)
  5 worker ants
  Natasha (thrice) (D:2)
  A hound skeleton (D:5)
  A worker ant zombie (D:5)
  7 adders
  A shadow imp (D:6)
  A white imp (D:8)
  3 oozes
  6 worms
  2 dart slugs
  5 leopard geckos
  26 orcs
  2 ball pythons (D:1)
  8 bats
  8 giant cockroaches
  10 goblins
  12 hobgoblins
  11 jackals
  14 kobolds
  2 quokkas
  5 frilled lizards
  6 rats
182 creatures vanquished.

Notes
Turn   | Place    | Note
-------+----------+-------------------------------------------
     0 | D:1      | Hook the Demonspawn Wanderer began the quest for the Orb.
     0 | D:1      | Hook set off with: a potion of heal wounds, a scroll of blinking, a +0 falchion, a +0 buckler, a +0 robe, a bread ration
     0 | D:1      | Reached XP level 1. HP: 18/18 MP: 1/1
   125 | D:1      | Gained mutation: You regenerate a little health from kills. [demonic ancestry]
   125 | D:1      | Reached XP level 2. HP: 8/24 MP: 2/2
   132 | D:1      | Reached skill level 1 in Dodging
   847 | D:1      | Reached XP level 3. HP: 29/29 MP: 3/3
  1506 | D:2      | Reached skill level 2 in Dodging
  1619 | D:2      | Noticed Natasha
  1627 | D:2      | Gained mutation: Your muscles are strong. (Str +2) [potion of mutation]
  1627 | D:2      | Gained mutation: You are resistant to hostile enchantments. (MR+) [potion of mutation]
  1634 | D:2      | Killed Natasha
  1634 | D:2      | Gained mutation: You have large cloven feet. [demonic ancestry]
  1634 | D:2      | Reached XP level 4. HP: 5/37 MP: 0/4
  1808 | D:2      | Noticed Natasha
  1813 | D:2      | Killed Natasha
  1902 | D:2      | Noticed Natasha
  1922 | D:2      | Killed Natasha
  1922 | D:2      | Gained mutation: You are partially covered in thin metallic scales. (AC +2) [demonic ancestry]
  1922 | D:2      | Reached XP level 5. HP: 36/42 MP: 5/5
  1956 | D:2      | Noticed Sigmund
  1989 | D:3      | Noticed Hook's ghost (amateur DsWn)
  2091 | D:3      | Killed Hook's ghost
  2091 | D:3      | Reached skill level 1 in Long Blades
  2091 | D:3      | Reached skill level 3 in Dodging
  2091 | D:3      | Reached XP level 6. HP: 25/49 MP: 1/6
  2301 | D:3      | Found a sparkling altar of Nemelex Xobeh.
  2414 | D:3      | Noticed Grinder
  2460 | D:3      | Killed Grinder
  2460 | D:3      | Reached skill level 5 in Fighting
  2753 | D:3      | Gained mutation: You regenerate health from kills. [demonic ancestry]
  2753 | D:3      | Reached XP level 7. HP: 51/56 MP: 7/7
  3248 | D:4      | Reached skill level 4 in Dodging
  3281 | D:4      | Noticed Menkaure
  3291 | D:4      | Killed Menkaure
  3647 | D:4      | Found a burning altar of Makhleb.
  3691 | D:4      | Became a worshipper of Makhleb the Destroyer
  3800 | D:4      | Found Mauri's Antique Armour Shop.
  3809 | D:4      | Bought a dyed leather armour for 120 gold pieces
  4544 | D:5      | Entered Level 5 of the Dungeon
  4570 | D:5      | Reached XP level 8. HP: 41/64 MP: 8/8
  4692 | D:5      | Reached skill level 5 in Dodging
  5099 | D:6      | Found a glowing drain.
  5182 | D:6      | Reached * piety under Makhleb
  5529 | D:6      | Found a hazy altar of Hepliaklqana.
  5585 | D:6      | Found a bloodstained altar of Trog.
  5868 | D:6      | Found Misk's Assorted Antiques.
  5973 | D:6      | Reached skill level 1 in Spellcasting
  5986 | D:6      | Reached skill level 1 in Invocations
  6207 | D:6      | Reached skill level 6 in Dodging
  6303 | D:7      | Found a shadowy altar of Dithmenos.
  6835 | D:7      | Reached ** piety under Makhleb
  6854 | D:7      | Reached XP level 9. HP: 71/71 MP: 12/12
  7676 | D:7      | Found a staircase to the Ecumenical Temple.
  7685 | Temple   | Entered the Ecumenical Temple
  8074 | D:8      | Reached skill level 7 in Dodging
  8156 | D:8      | Noticed a polar bear
  8194 | D:8      | HP: 3/71 [polar bear (4)]
  8194 | D:8      | Demolished by a polar bear

Vault maps used:
D:1:      dpeg_arrival_arbitrary_c
D:2:      hangedman_feature_mirror, uniq_sigmund, uniq_natasha
D:3:      nemelex_spade_bored_becter, uniq_grinder
D:4:      old_standard_altar, first_bread, serial_shops, nicolae_shop_crystal,
          serial_glass, glass_columns_b, glass_columns_c, uniq_menkaure
D:6:      nicolae_overflow_hidden_temple, gup_sewer_entry_pipe, serial_shops,
          kennysheep_little_box
D:7:      temple_green, grunt_dithmenos_smoke_and_mirrors
D:8:      cheibriados_altar_1, serial_ice, serial_ice_b, serial_ice_n,
          serial_ice_a, serial_ice_h, serial_ice_g, serial_ice_j
Temple:   dpeg_five_rooms_temple

Skill      XL: |  1  2  3  4  5  6  7  8  9 |
---------------+----------------------------+-----
Dodging        | 1 2 3 4 6 7 |  7.0
Fighting       | 4 5 6 |  6.9
Shields        | 2 3 4 |  4.0
Long Blades    | 1 2 4 |  4.4
Spellcasting   | 2 |  2.6
Invocations    | 2 3 |  3.9
Unarmed Combat | |  1.7
Charms         | |  1.0
Necromancy     | |  2.1
Evocations     | |  1.0

Action                   |  1- 3 |  4- 6 |  7- 9 || total
-------------------------+-------+-------+-------++-------
Melee: Falchion          |   149 |   165 |   580 ||   894
Invok: Minor Destruction |       |       |     1 ||     1
  Use: Scroll            |     3 |     7 |     2 ||    12
       Potion            |     3 |     3 |     6 ||    12
 Stab: Sleeping          |     1 |     1 |     1 ||     3
  Eat: Chunk             |     3 |     1 |     7 ||    11
       Royal jelly       |       |     1 |     2 ||     3
       Bread ration      |       |       |     2 ||     2
Armor: Robe              |    32 |    25 |       ||    57
       Leather armour    |       |    20 |   158 ||   178
       Skin              |       |    13 |       ||    13
Dodge: Dodged            |    99 |    69 |   370 ||   538
Block: Buckler           |    31 |    38 |   177 ||   246
       Rpst.: Falchion   |    33 |    26 |   118 ||   177
